 Dungeon Crawl Stone Soup version 0.24-b1 (webtiles) character file.

Game seed: 7530318408157194393, levelgen mode: deterministic

296 Arixos the Charmwright (level 6, -2/32 HPs)
             Began as a Vine Stalker Skald on Oct 13, 2019.
             Slain by an ogre
             ... wielding a +0 giant club
              (20 damage)
             ... on level 4 of the Dungeon.
             The game lasted 00:10:41 (3176 turns).

Arixos the Charmwright (Vine Stalker Skald)         Turns: 3176, Time: 00:10:42

Health: -2/32      AC:  5    Str: 14    XL:     6   Next: 35%
Magic:  0/11       EV: 12    Int: 13    God:
Gold:   228        SH:  0    Dex: 15    Spells: 6/11 levels left

rFire    . . .     SeeInvis .   a - +0 falchion
rCold    . . .     Gourm    .   (no shield)
rNeg     . . .     Faith    .   b - +0 leather armour
rPois    .         Spirit   +   (no helmet)
rElec    .         Reflect  .   c - +0 cloak
rCorr    .         Harm     .   n - +0 pair of gloves
MR       .....                  (no boots)
Stlth    ++........             (no amulet)
HPRegen  0.50/turn              s - ring of flight
MPRegen  0.12/turn              (no ring)

@: singing
A: fangs 2, regeneration 1, magic shield, antimagic bite, no potion heal 3, rot
immunity
a: Evoke Flight


You were on level 4 of the Dungeon.
You were not hungry.

You visited 1 branch of the dungeon, and saw 4 of its levels.

You collected 228 gold pieces.

Inventory:

Hand Weapons
 a - a +0 falchion (weapon)
Armour
 b - a +0 leather armour (worn)
 c - a +0 cloak (worn)
 n - a +0 pair of gloves (worn)
Jewellery
 s - a ring of flight (left hand)
 t - a cursed ring of teleportation {unknown}
Scrolls
 e - a scroll of amnesia {unknown}
 g - 5 scrolls of teleportation {unknown}
 h - 4 scrolls of remove curse {unknown}
 j - a scroll of magic mapping {unknown}
 k - 5 scrolls of identify {unknown}
 l - a scroll of enchant armour {unknown}
 m - 2 scrolls of immolation {unknown}
Potions
 f - a potion of brilliance {unknown}
 o - a potion of curing {unknown}
 p - 2 potions of haste {unknown}
 q - a potion of resistance {unknown}
 r - 2 potions of flight {unknown}
 u - a potion of agility {unknown}
Comestibles
 d - 5 rations
 i - 9 chunks of flesh


   Skills:
 + Level 2.7 Fighting
 + Level 2.7 Long Blades
 + Level 1.8 Armour
 + Level 2.3 Dodging
 + Level 2.3 Stealth
 + Level 3.0 Spellcasting
 + Level 3.6 Charms
 + Level 1.7 Translocations


You had 6 spell levels left.
You knew the following spells:

 Your Spells              Type           Power        Failure   Level  Hunger
a - Song of Slaying       Chrm           ##......     10%         2    ###....
b - Infusion              Chrm           ##..         6%          1    #......
s - Shroud of Golubria    Chrm/Tloc      #.....       14%         2    ###....

Your spell library contained the following spells:

 Spells                   Type           Power        Failure   Level  Hunger
 Regeneration             Chrm/Necr      #.........   38%         3    ###....
 Spectral Weapon          Hex/Chrm       #.......     38%         3    ###....


Dungeon Overview and Level Annotations

Branches:
Dungeon (4/15)
 Temple: D:4-7

Altars:
Hepliaklqana
Makhleb
Okawaru
Ru
Trog
Uskayaw
Wu Jian
Xom

Shops:
D:4 (


Innate Abilities, Weirdness & Mutations

You have extremely sharp teeth.
Your natural rate of healing is unusually fast.
When hurt, damage is shared between your health and your magic reserves.
Your bite disrupts and absorbs the magic of your enemies.
Potions cannot restore your health.
You are immune to rotting.


Message History

Casting: Shroud of Golubria (safe; 14% risk of failure)
Confirm with . or Enter, or press ? or * to list all spells.
You start singing a song of slaying.
You hit the ogre.
The ogre is lightly wounded.
The ogre misses you.
You riposte.
You hit the ogre. Your bite misses the ogre.
The ogre is moderately wounded.
You barely miss the ogre.
The ogre is moderately wounded.
The ogre hits you with a +0 giant club!!
You barely miss the ogre. You bite the ogre. You drain its power.
You feel invigorated.
The ogre is moderately wounded.
Your shroud bends the ogre's attack away!!
You hit the ogre but do no damage.
The ogre is moderately wounded.
Your shroud begins to fray at the edges.
The ogre hits you with a +0 giant club!!
Ouch! That really hurt!
You die...

#.....# #.......#.# ###...
#.....# #.....#.#.# #...).
#.....# #.....#.#.# #.....
#.....# #.....#.#o# #.....
#..)).# #.....#.#.# #..∩..
#.....# #.....#.#o# ######
#.....# ##'####.#.##########
#.....# #.####.#....o......
#.....# #.@OS#.........o...
#.....#######'#######.....##
#................# #######
#................#
###..............#
#..........O...#
#..............#
#..............#
#..............#


You could see an ogre and an adder.

Vanquished Creatures
  An ogre (D:4)
  An orc priest (D:4)
  A worker ant (D:4)
  5 adders
  2 oozes
  3 worms
  3 dart slugs
  2 leopard geckos
  7 orcs (D:4)
  9 bats
  7 giant cockroaches
  10 hobgoblins
  4 jackals (D:3)
  5 ball pythons
  4 frilled lizards
  6 goblins
  8 kobolds
  9 rats
87 creatures vanquished.

Notes
Turn   | Place    | Note
-------+----------+-------------------------------------------
     0 | D:1      | Arixos the Vine Stalker Skald began the quest for the Orb.
     0 | D:1      | Reached XP level 1. HP: 11/11 MP: 4/4
   157 | D:1      | Reached XP level 2. HP: 13/15 MP: 6/6
   161 | D:1      | Learned a level 2 spell: Shroud of Golubria
   329 | D:1      | Reached skill level 1 in Armour
   365 | D:1      | Reached XP level 3. HP: 12/18 MP: 3/7
   780 | D:1      | Reached skill level 1 in Stealth
  1165 | D:2      | Gained mutation: Your natural rate of healing is unusually
                  | fast. [Vine Stalker growth]
  1165 | D:2      | Reached XP level 4. HP: 20/23 MP: 8/8
  1536 | D:2      | Found a hide-covered altar of Uskayaw.
  1577 | D:2      | Found a hide-covered altar of Uskayaw.
  1580 | D:2      | Found a burning altar of Makhleb.
  1596 | D:2      | Found a shimmering altar of Xom.
  1599 | D:2      | Found an ornate altar of the Wu Jian Council.
  1783 | D:3      | Found a bloodstained altar of Trog.
  1819 | D:3      | Reached skill level 1 in Translocations
  1846 | D:3      | Learned a level 2 spell: Song of Slaying
  2377 | D:3      | Found an iron altar of Okawaru.
  2619 | D:4      | Reached XP level 5. HP: 27/27 MP: 8/10
  2677 | D:4      | Noticed an ogre
  2691 | D:4      | Killed an ogre
  2769 | D:4      | Noticed an ogre
  2834 | D:4      | Reached XP level 6. HP: 32/32 MP: 7/11
  2923 | D:4      | Found Tyfap's Weapon Shoppe.
  2968 | D:4      | Found a hazy altar of Hepliaklqana.
  2968 | D:4      | Found a sacrificial altar of Ru.
  3176 | D:4      | Slain by an ogre

Skill      XL: |  1  2  3  4  5  6 |
---------------+-------------------+-----
Fighting       | 2 |  2.7
Armour         | 1 |  1.8
Long Blades    | 2 |  2.7
Stealth        | 1 2 |  2.3
Dodging        | 2 |  2.3
Translocations | 1 |  1.7
Spellcasting   | 3 |  3.0
Charms         | |  3.6

Action                   |  1- 3 |  4- 6 || total
-------------------------+-------+-------++-------
Melee: Falchion          |    95 |   165 ||   260
       Bite              |    23 |    61 ||    84
 Cast: Shroud of Golubri |     2 |    15 ||    17
       Song of Slaying   |       |     3 ||     3
 Stab: Sleeping          |     1 |     5 ||     6
  Eat: Chunk             |     1 |     8 ||     9
Armor: Leather armour    |    34 |    62 ||    96
Dodge: Dodged            |    63 |   110 ||   173
       Rpst.: Falchion   |    25 |    36 ||    61
